 Dungeon Crawl Stone Soup version 0.21.1-1-g345015f (webtiles) character file.

16 prawnwizard the Firebug (level 2, -1/16 HPs)
             Began as a Gargoyle Fire Elementalist on July 3, 2018.
             Slain by a kobold
             ... wielding a +0 short sword
              (3 damage)
             ... on level 1 of the Dungeon.
             The game lasted 00:01:32 (917 turns).

prawnwizard the Firebug (Gargoyle Fire Elementalist) Turns: 917, Time: 00:01:33

Health: -1/16      AC:  5    Str: 11    XL:     2   Next: 54%
Magic:  5/5        EV: 12    Int: 15    God:
Gold:   32         SH:  0    Dex: 10    Spells: 4/5 levels left

rFire    . . .     SeeInvis .   g - -2 short sword (curse)
rCold    . . .     Gourm    .   (no shield)
rNeg     + . .     Faith    .   a - +0 robe
rPois    ∞         Spirit   .   (no helmet)
rElec    +         Reflect  .   (no cloak)
rCorr    .         Harm     .   e - +0 pair of gloves
MR       .....                  (no boots)
Stlth    ++........             (no amulet)
HPRegen  0.05/turn              (no ring)
MPRegen  0.09/turn              (no ring)

@: no status effects
A: negative energy resistance 1, electricity resistance, unbreathing,
petrification resistance, rot immunity, AC +2
a: no special abilities


You were on level 1 of the Dungeon.
You were not hungry.

You visited 1 branch of the dungeon, and saw 1 of its levels.

You collected 32 gold pieces.

Inventory:

Hand Weapons
 d - a +1 short sword of venom
 g - a cursed -2 short sword (weapon)
Armour
 a - a +0 robe (worn)
 e - a +0 pair of gloves (worn)
Books
 b - a book of Flames

   Spells                             Type                      Level
   a - Flame Tongue                   Conjuration/Fire             1
   b - Throw Flame                    Conjuration/Fire             2
   c - Conjure Flame                  Conjuration/Fire             3
   d - Inner Flame                    Hexes/Fire                   3
   e - Sticky Flame                   Conjuration/Fire             4
   f - Fireball                       Conjuration/Fire             5
Comestibles
 c - a ration
 f - 5 chunks of flesh


   Skills:
 + Level 0.6 Fighting
 - Level 1.5 Dodging
 - Level 2.1 Stealth
 + Level 2.1 Spellcasting
 * Level 1.8 Conjurations
 * Level 3.2 Fire Magic


You had 4 spell levels left.
You knew the following spells:

 Your Spells              Type           Power        Failure   Level  Hunger
a - Flame Tongue          Conj/Fire      #....        8%          1    #......


Dungeon Overview and Level Annotations

Branches:
Dungeon (1/15)

Altars:


Innate Abilities, Weirdness & Mutations

You are resistant to torment.
Your stone body is resilient. (AC +2)
You are immune to poison.
You resist negative energy. (rN+)
You are resistant to electric shocks. (rElec)
You can survive without breathing.
You are immune to petrification.
You are immune to rotting.


Message History

The kobold hits you but does no damage. The frilled lizard barely misses you.
The leopard gecko bites you but does no damage.
A goblin comes into view.
The leopard gecko barely misses you. The kobold closely misses you.
You are too injured to fight recklessly!
You are too injured to fight recklessly!
You are too injured to fight recklessly!
You hit the leopard gecko but do no damage.
The leopard gecko bites you.
* * * LOW HITPOINT WARNING * * *
The kobold hits you with a short sword.
* * * LOW HITPOINT WARNING * * *
The leopard gecko misses you.
You are too injured to fight recklessly!
You are too injured to fight recklessly!
You are too injured to fight recklessly!
You are too injured to fight recklessly!
You completely miss the leopard gecko. The kobold hits you with a short sword.
You die...

####.......#
#.........##...##.#
#.......#
###.......#.....'##
##########
#.......##...###. #..
#.......###.###..
#...##.......# #'##...
#......###.#####.###..
#...###....# ##...###[
##.####.#### #.....'##
#####.#l@..# ##...##.#
##$....#K#### ##.####.
..........# ### ##
.......†g.#
###.####..# #. #..#
#..# #..# ..##


You could see a leopard gecko, a goblin and a kobold.

Vanquished Creatures
  3 bats (D:1)
  3 goblins (D:1)
  4 hobgoblins (D:1)
  2 kobolds (D:1)
  2 rats (D:1)
14 creatures vanquished.

Notes
Turn   | Place    | Note
-------+----------+-------------------------------------------
     0 | D:1      | prawnwizard the Gargoyle Fire Elementalist began the quest for the Orb.
     0 | D:1      | Reached XP level 1. HP: 10/10 MP: 3/3
   366 | D:1      | Reached XP level 2. HP: 3/16 MP: 3/5
   917 | D:1      | Slain by a kobold

Action                   || total
-------------------------++-------
Melee: Unarmed           ||    10
       Short sword       ||    19
 Cast: Flame Tongue      ||    16
 Stab: Sleeping          ||     1
Armor: Robe              ||     7
Dodge: Dodged            ||    26
